 Dungeon Sprint DCSS version 0.30-a0-177-g1cb5dbfd7a (webtiles) character file.

Game seed: 1035435833831536942

9576 mhtbhm the Eclecticist (level 11, -8/49 HPs)
             Began as a Spriggan Earth Elementalist on Oct 3, 2022.
             Was the Champion of Vehumet.
             Succumbed to something's dark miasma
             ... in the Dungeon (Sprint III: "The Ten Rune Challenge").
             The game lasted 00:10:45 (2790 turns).

mhtbhm the Eclecticist (SpEE)                       Turns: 2790, Time: 00:10:46

Health: -8/49      AC:  4    Str:  3    XL:     11   Next: 24%
Magic:  30/35      EV: 20    Int: 26    God:    Vehumet [******]
Gold:   3369       SH:  0    Dex: 14    Spells: 25/49 levels left

rFire   . . .      SeeInvis +    c - +1 dagger (freeze)
rCold   . . .      Faith    .    (no shield)
rNeg    . . .      Spirit   .    a - +2 robe {Will+}
rPois   .          Reflect  .    (helmet restricted)
rElec   .          Harm     .    (no cloak)
rCorr   .          Rampage  .    (gloves unavailable)
Will    ++...      NoTele   +    (boots unavailable)
Stlth   ++++......               (no amulet)
HPRegen 0.28/turn                (no ring)
MPRegen 0.24/turn                (no ring)

@: lethally poisoned (-8 -> -65), slowed, quick
A: very small, no large weapons, unfitting armour, see invisible, speed 3,
clever 1
a: Renounce Religion


You were in the Dungeon.
You worshipped Vehumet.
Vehumet was exalted by your worship.
You visited 1 branch You collected 3599 gold pieces.
You spent 230 gold pieces at shops.

Inventory:

Hand Weapons
 c - a +1 dagger of freezing (weapon)
Armour
 a - a +2 robe of willpower (worn)
Scrolls
 h - 3 scrolls of identify
 i - 2 scrolls of poison {unknown}
 k - a scroll of immolation {unknown}
Potions
 b - 4 potions of magic
 d - a potion of curing
 e - a potion of haste
 f - 2 potions of berserk rage
 j - a potion of brilliance {unknown}
 l - 2 potions of flight
 m - 4 potions of mutation
Miscellaneous
 n - a condenser vane


   Skills:
 + Level 1.0 Fighting
 + Level 7.3 Dodging
 + Level 8.2 Stealth
 + Level 19.6 Spellcasting
 + Level 9.1 Conjurations
 + Level 3.5 Transmutations
 + Level 1.1 Ice Magic
 + Level 1.2 Air Magic
 + Level 16.1 Earth Magic
 + Level 1.0 Poison Magic
 + Level 2.7 Evocations


You had 25 spell levels left.
You knew the following spells:

 Your Spells              Type           Power      Damage    Failure   Level
a - Sandblast             Erth           100%       2d20      0%          1
b - Passwall              Tmut/Erth      55%        N/A       1%          2
c - Stone Arrow           Conj/Erth      100%       3d13      1%          3
d - Petrify               Tmut/Erth      67%        N/A       1%          4
e - Tukima's Dance        Hex            25%        N/A       5%          3
f - Poisonous Vapours     Pois/Air       62%        N/A       1%          2
g - Frozen Ramparts       Ice            62%        1d10      1%          3
h - Iron Shot             Conj/Erth      37%        9d7       1%          6

Your spell library contained the following spells:

 Spells                   Type           Power      Damage    Failure   Level
 Freezing Cloud           Conj/Ice/Air   22%        6-21      2%          5
 Yara's Violent Unravell  Hex/Tmut       17%        3d8       6%          5
 Passage of Golubria      Tloc           25%        N/A       17%         4


Dungeon Overview and Level Annotations

Branches:
Dungeon (1/1)

Altars:
Cheibriados
Dithmenos
Elyvilon
Fedhas
Gozag
Hepliaklqana
Kikubaaqudgha
Makhleb
Nemelex Xobeh
Okawaru
Qazlal
Ru
Sif Muna
Trog
Uskayaw
Vehumet
Wu Jian
Xom
Yredelemnul
Zin
The Shining One
Jiyva
Lugonu

Shops:
D [


Innate Abilities, Weirdness & Mutations

You are very small and have problems with some larger weapons.
You are too small for most types of armour.
You have supernaturally acute eyesight. (SInv)
You cover ground extremely quickly. (Speed+++)
Your mind is acute. (Int +4, Str/Dex -1)


Message History

Okay, then.
Okay, then.
You start resting.
You feel very sick.
A death drake is nearby!
Unknown command.
Casting: Iron Shot (dangerous; 1% risk of failure)
Confirm with . or Enter, or press ? or * to list all spells.
Casting: Frozen Ramparts (safe; 1% risk of failure)
Press: ? - help, Dir - look around, f - activate An open door, spattered with blood.
Okay, then.
Casting: Frozen Ramparts (safe; 1% risk of failure)
Confirm with . or Enter, or press ? or * to list all spells.
Okay, then.
Casting: Frozen Ramparts (safe; 1% risk of failure)
Confirm with . or Enter, or press ? or * to list all spells.
Aiming: Iron Shot (dangerous; 1% risk of failure)
Press: ? - help, Shift-Dir - straight line, f - death drake
Aim: a death drake (water, 60% to hit)
The iron shot misses the death drake.
You feel very sick. The death drake closely misses you.
Unknown command.
Unknown command.
Hit: c) +1 dagger (freeze)
Press: ? - help, Dir - move target, f/p - death drake
Aim: a death drake (about 49% to evade your +1 dagger of freezing)
Okay, then.
You feel sick.
You feel sick. The death drake breathes miasma at you.
The foul vapour engulfs you!!
You are more poisoned.
You feel as though you will be slow longer.
* * * LOW HITPOINT WARNING * * *
You are engulfed in dark miasma.
You are more poisoned.
* * * LOW HITPOINT WARNING * * *
You die...

▓▓▓▓▓▓▓▓▓▓▓▓▓▓▓▓▓▓▓▓▓▓▓▓▓▓▓▓▓▓#..
.≈♣♣.....♣♣♣♣~~~........~~~...#..
..♣♣†≈≈≈≈'♣♣'♣≈≈≈≈≈≈≈≈≈≈≈≈♣♣P.'..
§~~'.....#.~♣♣♣♣♣♣♣♣♣♣♣♣♣♣♣♣PP#..
≈≈♣♣♣♣♣♣♣#..♣♣ ♣♣♣##+ ~≈♣
###'♣♣♣♣♣♣♣♣♣♣♣♣♣♣♣ ###
♣♣♣♣.##..##~~~~~≈..#
♣...##.##)#~~~~≈...#
♣♣.##.##@##k~~~≈≈####
♣..#.##○○☼#~÷.....°○
♣♣.##.##○○#≈..+####
♣♣.##.#####...# ♣.....##k○○...#
########+######


There were no monsters in sight!

Vanquished Creatures
  Erolcha (D)
  2 hydras (D)
  Urug (D)
  A lindwurm (D)
  An orc knight (D)
  A deep elf pyromancer (D)
  2 cane toads (D)
  A rime drake (D)
  A komodo dragon (D)
  3 wandering mushrooms (D)
  2 tyrant leeches (D)
  5 blink frogs (D)
  A shadow (D)
  5 redbacks (D)
  A spatial vortex (D)
  A swamp drake (D)
  3 orc warriors (D)
  5 two-headed ogres (D)
  A necrophage (D)
  A scorpion (D)
  A water elemental (D)
  An electric eel (D)
  2 orc priests (D)
  A jelly (D)
  A wizard (D)
  3 orc wizards (D)
  A necromancer (D)
  A kobold demonologist (D)
  3 humans (D)
  9 orcs (D)
  4 rats (D)
66 creatures vanquished.

Notes
Turn   | Place    | Note
-------+----------+-------------------------------------------
     0 | D        | mhtbhm the Spriggan Earth Elementalist began the quest for
                  | the Orb.
     0 | D        | Reached XP level 1. HP: 9/9 MP: 5/5
   174 | D        | Reached skill level 4 in Spellcasting
   174 | D        | Reached XP level 2. HP: 13/13 MP: 5/8
   206 | D        | Learned a level 2 spell: Passwall
   255 | D        | Gained mutation: Your mind is acute. (Int +4, Str/Dex -1)
                  | [potion of mutation]
   258 | D        | Noticed a scorpion
   272 | D        | Killed a scorpion
   273 | D        | Reached skill level 6 in Spellcasting
   273 | D        | Reached XP level 3. HP: 13/16 MP: 3/11
   273 | D        | Reached XP level 4. HP: 17/21 MP: 3/13
   353 | D        | Learned a level 3 spell: Stone Arrow
   358 | D        | Learned a level 4 spell: Petrify
   376 | D        | Noticed a water elemental
   385 | D        | Killed a water elemental
   386 | D        | Reached skill level 7 in Spellcasting
   386 | D        | Reached XP level 5. HP: 24/24 MP: 9/15
   441 | D        | Found a radiant altar of Vehumet.
   441 | D        | Found a shimmering blue altar of Sif Muna.
   441 | D        | Found an ancient bone altar of Kikubaaqudgha.
   467 | D        | Reached skill level 5 in Stealth
   470 | D        | Reached skill level 8 in Spellcasting
   491 | D        | Became a worshipper of Vehumet
   555 | D        | Learned a level 3 spell: Tukima's Dance
   559 | D        | Found a glowing silver altar of Zin.
   559 | D        | Found a glowing golden altar of the Shining One.
   559 | D        | Found a white marble altar of Elyvilon.
   559 | D        | Noticed a deep elf pyromancer
   562 | D        | Killed a deep elf pyromancer
   563 | D        | Reached skill level 5 in Dodging
   563 | D        | Reached skill level 11 in Spellcasting
   563 | D        | Reached skill level 1 in Conjurations
   563 | D        | Reached skill level 10 in Earth Magic
   563 | D        | Reached XP level 6. HP: 8/28 MP: 7/21
   563 | D        | Reached XP level 7. HP: 9/32 MP: 7/22
   658 | D        | Found a hide-covered altar of Uskayaw.
   658 | D        | Found an iron altar of Okawaru.
   658 | D        | Found a bloodstained altar of Trog.
   658 | D        | Found an ornate altar of the Wu Jian Council.
   658 | D        | Noticed a human
   658 | D        | Noticed a human
   661 | D        | Killed a human
   662 | D        | Reached skill level 12 in Spellcasting
   690 | D        | Killed a human
   690 | D        | Reached * piety under Vehumet
   690 | D        | Offered knowledge of Shock by Vehumet.
   803 | D        | Found a basalt altar of Yredelemnul.
   803 | D        | Found a shadowy altar of Dithmenos.
   803 | D        | Found a sacrificial altar of Ru.
   881 | D        | Noticed a shadow
   885 | D        | Killed a shadow
   885 | D        | Reached ** piety under Vehumet
   885 | D        | Offered knowledge of Momentum Strike by Vehumet.
   886 | D        | Reached skill level 13 in Spellcasting
   886 | D        | Reached XP level 8. HP: 36/36 MP: 19/26
   937 | D        | Found a blossoming altar of Fedhas.
   937 | D        | Found a stormy altar of Qazlal.
   937 | D        | Found a snail-covered altar of Cheibriados.
   937 | D        | Found a burning altar of Makhleb.
   937 | D        | Found a shimmering altar of Xom.
   938 | D        | Found a hazy altar of Hepliaklqana.
   938 | D        | Found an opulent altar of Gozag.
   938 | D        | Found a sparkling altar of Nemelex Xobeh.
   938 | D        | Found a corrupted altar of Lugonu.
   938 | D        | Found a viscous altar of Jiyva.
  1001 | D        | Reached *** piety under Vehumet
  1122 | D        | Noticed a two-headed ogre
  1130 | D        | Killed a two-headed ogre
  1130 | D        | Offered knowledge of Poisonous Vapours by Vehumet.
  1131 | D        | Reached skill level 14 in Spellcasting
  1197 | D        | Learned a level 2 spell: Poisonous Vapours
  1202 | D        | Noticed Erolcha
  1203 | D        | Noticed a two-headed ogre
  1211 | D        | Killed Erolcha
  1211 | D        | Offered knowledge of Frozen Ramparts by Vehumet.
  1212 | D        | Reached skill level 15 in Spellcasting
  1212 | D        | Reached XP level 9. HP: 40/40 MP: 13/29
  1244 | D        | Killed a two-headed ogre
  1331 | D        | Reached **** piety under Vehumet
  1334 | D        | Reached skill level 16 in Spellcasting
  1334 | D        | Reached skill level 5 in Conjurations
  1394 | D        | Learned a level 3 spell: Frozen Ramparts
  1398 | D        | Noticed a wandering mushroom
  1405 | D        | Killed a wandering mushroom
  1405 | D        | Offered knowledge of Irradiate by Vehumet.
  1406 | D        | Reached skill level 1 in Evocations
  1406 | D        | Noticed a wandering mushroom
  1408 | D        | Noticed a wandering mushroom
  1413 | D        | Killed a wandering mushroom
  1488 | D        | Killed a wandering mushroom
  1555 | D        | Found Cesame's Armour Shop.
  1555 | D        | Noticed an orc knight
  1556 | D        | Reached ***** piety under Vehumet
  1558 | D        | Reached ****** piety under Vehumet
  1564 | D        | Reached XP level 10. HP: 44/44 MP: 24/31
  1566 | D        | Killed an orc knight
  1567 | D        | Reached skill level 17 in Spellcasting
  1740 | D        | Bought a +2 robe of willpower for 230 gold pieces
  1807 | D        | Noticed a cane toad
  1807 | D        | Noticed a cane toad
  1809 | D        | Killed a cane toad
  1809 | D        | Offered knowledge of Iron Shot by Vehumet.
  1811 | D        | Killed a cane toad
  1936 | D        | Learned a level 6 spell: Iron Shot
  2020 | D        | Reached skill level 18 in Spellcasting
  2173 | D        | Reached skill level 15 in Earth Magic
  2199 | D        | Noticed a lindwurm
  2201 | D        | Killed a lindwurm
  2261 | D        | Offered knowledge of Starburst by Vehumet.
  2266 | D        | Noticed Urug
  2272 | D        | Killed Urug
  2390 | D        | Noticed a six-headed hydra
  2390 | D        | Noticed a five-headed hydra
  2455 | D        | Reached XP level 11. HP: 48/48 MP: 10/34
  2579 | D        | Reached skill level 19 in Spellcasting
  2691 | D        | Killed a six-headed hydra
  2691 | D        | Offered knowledge of Freezing Cloud by Vehumet.
  2692 | D        | Reached skill level 1 in Ice Magic
  2692 | D        | Reached skill level 1 in Air Magic
  2694 | D        | Killed a five-headed hydra
  2695 | D        | Reached skill level 1 in Fighting
  2695 | D        | Reached skill level 1 in Poison Magic
  2784 | D        | Noticed a death drake
  2790 | D        | Succumbed to something's dark miasma

Illustrated notes

Levels and vault maps discovered:
D:        dungeon_sprint_mu [sprint_mu_entry_cave, sprint_mu_temple_rooms,
          sprint_mu_d1_spiders, sprint_mu_d2_genie, sprint_mu_d3_branching,
          sprint_mu_orc_legion, sprint_mu_elf_gauntlet, sprint_mu_hive_nellie,
          sprint_mu_lair_fedhas, sprint_mu_vaults_butterflies,
          sprint_mu_slime_circle, sprint_mu_swamp_cave, sprint_mu_snake_twists,
          sprint_mu_blade_basic, sprint_mu_crypt_chambers,
          sprint_mu_tomb_spiral, sprint_mu_vestibule_basic,
          sprint_mu_gehenna_hellfire, sprint_mu_dis_giant,
          sprint_mu_tartarus_statrot, sprint_mu_cocytus_islands, sprint_mu_zot1]

Skill      XL: |  1  2  3  4  5  6  7  8  9 10 11 |
---------------+----------------------------------+-----
Earth Magic    | 4 6 7 10 11 13 14 15 16 | 16.1
Dodging        | 3 4 5 6 7 |  7.3
Spellcasting   | 4 6 7 11 13 15 16 18 19 | 19.6
Stealth        | 4 6 7 8 |  8.2
Transmutations | 2 3 |  3.5
Conjurations   | 1 2 4 6 8 9 |  9.1
Evocations     | 1 2 |  2.7
Ice Magic      | 1 |  1.1
Air Magic      | 1 |  1.2
Fighting       | 1 |  1.0
Poison Magic   | 1 |  1.0

Action                   |  1- 3 |  4- 6 |  7- 9 | 10-12 || total
-------------------------+-------+-------+-------+-------++-------
Melee: Dagger            |       |       |     3 |       ||     3
 Cast: Sandblast         |    17 |     4 |       |       ||    21
       Passwall          |     1 |       |       |       ||     1
       Stone Arrow       |       |     7 |    57 |    15 ||    79
       Iron Shot         |       |       |       |    27 ||    27
       Poisonous Vapours |       |       |       |     2 ||     2
       Frozen Ramparts   |       |       |       |     1 ||     1
Evoke: Condenser vane    |       |       |     2 |     1 ||     3
  Use: Potion            |     3 |       |       |       ||     3
       Scroll            |       |       |       |     1 ||     1
Armor: Robe              |     1 |       |       |       ||     1
Dodge: Dodged            |     9 |       |     3 |    12 ||    24

Table legend: (Time is in decaauts)
 A = Elapsed time spent in this place.
 B = Non-inter-level travel time spent in this place.
 C = Inter-level travel time spent in this place.
 D = Time resting spent in this place.
 E = Time spent auto-exploring this place.
 F = Levels seen in this place.
 G = Mean time per level.
                   A        B        C        D        E       F      G
               +--------+--------+--------+--------+--------+-----+--------+
         Total |   2549 |   2549 |      0 |   1844 |     35 |   1 | 2549.0 |
       Dungeon |   2549 |   2549 |      0 |   1844 |     35 |   1 | 2549.0 |
               +--------+--------+--------+--------+--------+-----+--------+

Top non-repeatable levels by time:
       D: 2549 daAuts
